 Dungeon Crawl Stone Soup version 0.29.1-1-gd02db6906a (webtiles) character file.

Game seed: 11226225252848230040

414 MeatBomb the Ruffian (level 6, -4/62 HPs)
             Began as a Troll Fighter on Sept 19, 2022.
             Slain by an ogre
             ... wielding a +0 giant spiked club
              (20 damage)
             ... on level 4 of the Dungeon.
             The game lasted 00:17:35 (2102 turns).

MeatBomb the Ruffian (Troll Fighter)                Turns: 2102, Time: 00:17:36

Health: -4/62      AC:  4    Str: 25    XL:     6   Next: 60%
Magic:  5/5        EV:  8    Int:  6    God:
Gold:   79         SH:  7    Dex:  9    Spells: 5/5 levels left

rFire   . . .      SeeInvis .     - Unarmed
rCold   . . .      Faith    .   b - +0 kite shield
rNeg    + . .      Spirit   .   a - +0 robe
rPois   .          Reflect  .   (helmet restricted)
rElec   .          Harm     .   (no cloak)
rCorr   .          Rampage  .   (gloves unavailable)
Will    .....                   (boots unavailable)
Stlth   +.........              (no amulet)
HPRegen 1.00/turn               e - ring of positive energy
MPRegen 0.09/turn               (no ring)

@: no status effects
A: large, unfitting armour, claws 3, regeneration 1, shaggy fur 1, tough skin 1
a: no special abilities


You were on level 4 of the Dungeon.
You visited 1 branch of the dungeon, and saw 4 of its levels.

You collected 79 gold pieces.

Inventory:

Missiles
 s - 3 boomerangs (quivered)
 u - 9 stones
Armour
 a - a +0 robe (worn)
 b - a +0 kite shield (worn)
Jewellery
 e - a ring of positive energy (left claw)
Wands
 g - a wand of flame (13)
Scrolls
 m - a scroll of immolation
 o - 3 scrolls of magic mapping
 r - a scroll of teleportation
Potions
 c - 3 potions of might
 f - 2 potions of magic {unknown}
 h - a potion of degeneration {unknown}
 i - 2 potions of curing
 j - 2 potions of flight {unknown}
 k - a potion of berserk rage {unknown}
 l - a potion of heal wounds {unknown}
 p - a potion of ambrosia {unknown}
 t - a potion of brilliance {unknown}


   Skills:
 + Level 3.7 Fighting
 - Level 2.4 Dodging
 + Level 4.1 Shields
 * Level 5.2 Unarmed Combat


You had 5 spell levels left.
You didn't know any spells.
Your spell library contained the following spells:

 Spells                   Type           Power      Damage    Failure   Level
 Stone Arrow              Conj/Erth      0%         3d7       98%         3
 Animate Armour           Summ/Erth      0%         N/A       100%        4
 Lehudib's Crystal Spear  Conj/Erth      0%         10d2      100%        8


Dungeon Overview and Level Annotations

Branches:
Dungeon (4/15)
 Temple: D:4-7

Altars:


Innate Abilities, Weirdness & Mutations

You are too large for most types of armour.
You have claws for hands.
Your natural rate of healing is unusually fast.
You are covered in fur. (AC +1)
You have tough skin. (AC +1)


Message History

You kill the giant cockroach!
An ogre comes into view. It is wielding a +0 giant spiked club.
Found a stone.
Throw: 3 boomerangs
Press: ? - help, Q - select action, (/) - cycle Shift-Dir - straight line, f - ogre
Aim: an ogre, wielding a +0 giant spiked club (71% to hit)
You throw a boomerang.
The boomerang hits the ogre but does no damage.
Throw: 3 boomerangs
Press: ? - help, Q - select action, (/) - cycle Shift-Dir - straight line, f/p - ogre
Aim: an ogre, wielding a +0 giant spiked club (71% to hit)
You throw a boomerang. The boomerang hits the ogre!
The ogre is moderately wounded.
Throw: 3 boomerangs
Press: ? - help, Q - select action, (/) - cycle Shift-Dir - straight line, f/p - ogre
Aim: an ogre, wielding a +0 giant spiked club (moderately wounded, 71% to hit)
You throw a boomerang. The boomerang barely misses the ogre.
You barely miss the ogre.
The ogre is moderately wounded.
The ogre hits you with a +0 giant spiked club!!
You are too injured to fight recklessly!
You barely miss the ogre.
The ogre is moderately wounded.
You mangle the ogre!!
The ogre is almost dead.
The ogre hits you with a +0 giant spiked club!!
* * * LOW HITPOINT WARNING * * *
You scratch the ogre.
The ogre is almost dead.
The ogre hits you with a +0 giant spiked club.
* * * LOW HITPOINT WARNING * * *
You barely miss the ogre.
The ogre is almost dead.
You completely miss the ogre.
The ogre is almost dead.
You block the ogre's attack.
You completely miss the ogre.
The ogre is almost dead.
The ogre hits you with a +0 giant spiked club!!
You die...

... #.#### .....#
. #.##.# ##.
#.##.# ...
#.##.#####.###.
#.##.##........
#.##<##.##.O.....#
#.........@.....(#
###..####........#
#..# #........#
#... #........#
#.## #........# #.
..######## ## ###


You could see an ogre.

Vanquished Creatures
  Grinder (D:3)
  Jessica (D:2)
  2 iguanas
  Natasha (thrice) (D:3)
  A dart slug (D:3)
  An orc (D:3)
  9 ball pythons
  2 endoplasms (D:3)
  5 giant cockroaches
  6 goblins
  6 hobgoblins
  4 jackals (D:2)
  6 kobolds
  A quokka (D:1)
  7 bats
  3 frilled lizards
  6 rats
64 creatures vanquished.

Notes
Turn   | Place    | Note
-------+----------+-------------------------------------------
     0 | D:1      | MeatBomb the Troll Fighter began the quest for the Orb.
     0 | D:1      | Reached XP level 1. HP: 22/22 MP: 0/0
   154 | D:1      | Reached XP level 2. HP: 29/29 MP: 1/1
   706 | D:2      | Noticed Jessica
   753 | D:2      | Reached XP level 3. HP: 30/34 MP: 2/2
   758 | D:2      | Killed Jessica
   759 | D:2      | Reached skill level 3 in Unarmed Combat
   891 | D:2      | Found a faded altar of an unknown god.
   993 | D:2      | Reached XP level 4. HP: 37/45 MP: 3/3
  1556 | D:3      | Reached XP level 5. HP: 53/53 MP: 4/4
  1560 | D:3      | Noticed Natasha
  1574 | D:3      | Killed Natasha
  1575 | D:3      | Reached skill level 4 in Unarmed Combat
  1679 | D:3      | Noticed Natasha
  1685 | D:3      | Killed Natasha
  1718 | D:3      | Noticed Grinder
  1739 | D:3      | Paralysed by Grinder for 5 turns
  1747 | D:3      | Killed Grinder
  1748 | D:3      | Reached skill level 5 in Unarmed Combat
  1748 | D:3      | Reached XP level 6. HP: 44/62 MP: 5/5
  1883 | D:3      | Noticed Natasha
  1889 | D:3      | Killed Natasha
  2102 | D:4      | Slain by an ogre

Illustrated notes

Levels and vault maps discovered:
D:1:      psy_arrival_whirlpool, layout_basic
D:2:      layout_loops_cross, dreamdust_ecumenical_altar_statues,
          hangedman_decor_growths, uniq_jessica
D:3:      layout_basic, uniq_grinder, uniq_natasha
D:4:      layout_loops_cross

Skill      XL: |  1  2  3  4  5 |
---------------+----------------+-----
Shields        | 3 4 |  4.1
Unarmed Combat | 3 5 |  5.2
Fighting       | 3 |  3.7
Dodging        | |  2.4

Action                   |  1- 3 |  4- 6 || total
-------------------------+-------+-------++-------
Melee: Unarmed           |   125 |    80 ||   205
Throw: Stone             |       |     9 ||     9
       Boomerang         |       |    16 ||    16
  Use: Scroll            |     4 |     4 ||     8
       Potion            |       |     1 ||     1
Armor: Robe              |    77 |    18 ||    95
Dodge: Dodged            |    48 |    17 ||    65
Block: Kite shield       |    61 |    18 ||    79
